[Event "Early-Titled-Tuesday-Blitz-March-19-2024"]
[Site "Chess.com"]
[Date "2024.03.19"]
[Round "11"]
[White "Mandaloriana19"]
[Black "Boorchess"]
[Result "0-1"]
[WhiteElo "2413"]
[BlackElo "2559"]
[TimeControl "180+1"]
[EndTime "10:07:19 PDT"]
[Termination "Boorchess won by checkmate"]

1. Nf3 d5 2. g3 Bg4 3. Bg2 c6 4. O-O Nd7 5. b4 e5 6. a3 Bd6 7.
Bb2 Ne7 8. d3 O-O 9. Nbd2 a5 10.
c4 f6 11. cxd5 cxd5 12. Qb3 axb4 13. axb4 Qb6 14. h3 Be6 15. Bc3 Bf7 16. d4 e4 17.
Nh2 Nc6 18. e3 Qb5 19. Rfb1 Nb6 20. Bf1 Nc4 21. Nxc4 dxc4 22. Qc2 f5 23. Be2 Ne7 24. Nf1 b6 25. Nd2 Rfc8 26. Qb2 Qc6 27. b5 Qc7 28. Ra6 Bxg3 29. Rba1 Rxa6 30. bxa6 Bd6 31. Qb5 Nd5 32. Nb1 Qe7 33. a7 Ra8 34. Qa6 Qg5+ 35. Kf1 Bh2 36.
Ke1 Qg1+ 37. Bf1 Bg3 38. Ra2 Nxe3 39. fxg3 Qxf1+ 40. Kd2 Qxb1 41. Kxe3 Qd3+ 42. Kf2 Qf3+ 43. Kg1 Qxg3+ 44. Rg2 Qxc3 45. Qb7 Qxd4+ 46. Kh1 Qd8 47.
Rd2 Qe8 48. Qxb6 e3 49. Rb2 Bd5+ 50. Kg1 e2 51. Rxe2 Qxe2 52. Qb8+ Kf7 53. Qc7+ Kg6 54. Qd6+ Kg5 55. Qxd5 Qe4 56. Qd2+ f4 57. h4+ Kg4 58. Qd1+ Kxh4 59. Qe1+ Qxe1+ 60. Kg2 Rxa7 61. Kh2 Ra3 62. Kg2 Rg3+ 63. Kh2 Qg1# 0-1

[Event "Early-Titled-Tuesday-Blitz-March-19-2024"]
[Site "Chess.com"]
[Date "2024.03.19"]
[Round "11"]
[White "Durarbayli"]
[Black "vasblesk"]
[Result "1/2-1/2"]
[WhiteElo "2966"]
[BlackElo "2784"]
[TimeControl "180+1"]
[EndTime "10:07:20 PDT"]
[Termination "Game drawn - insufficient material"]

1. e4 e5 2. Nf3 Nf6 3. d4 Nxe4 4. dxe5 d5 5. Nbd2 Nxd2 6. Bxd2 c5 7. c3 Nc6 8. Bd3 Be7 9. h3 O-O 10. Qe2 Re8 11.
O-O g6 12. Rae1 Qc7 13. Bf4 Be6 14. Nh2 Qd7 15. Qf3 Bf8 16. Ng4 Bxg4 17. hxg4 Bg7 18. Qg3 c4 19. Bc2 b5 20. Re3 Nd8 21. Bg5 Ne6 22. Bf6 d4 23. cxd4 Qxd4 24. Bxg7 Kxg7 25. b3 Rac8 26. bxc4 bxc4 27. Rd1 Qb2 28. Rc3 Red8 29. Rxd8 Rxd8 30. Rxc4 Qxa2 31. Qc3 Qa6 32. f4 Qb6+ 33. Kh2 Rd4 34. Rc6 Qb4 35. f5 gxf5 36. Qxb4 Rxb4 37. gxf5 Nd4 38. f6+ Kh6 39. Rc7 Nxc2 40. Rxc2 Re4 41. Rc7 Rxe5 42. Rxf7 Kg6 43. Rxa7 Rf5 44. Rg7+ Kxf6 45.
Rxh7 Ra5 46. Kh3 Kg6 47. Rb7 Ra3+ 48. Kh4 Ra2 49. Rb6+ Kg7 50. g3 Ra5 51. Re6 Rc5 52. Kg4 Rb5 53. Re4 Ra5 54. Rf4 Kg6 55. Rb4 Ra6 56.
Kf4 Rf6+ 57. Kg4 Ra6 58. Kh4 Re6 59. g4 Rc6 60. Rb5 Ra6 61. Rg5+ Kh6 62. Rg8 Kh7 63. Rd8 Kg6 64. Rg8+ Kh7 65. Rg5 Kh6 66. Rc5 Kg6 67.
Rc3 Rb6 68. Kg3 Ra6 69. Rc4 Kg5 70. Rc5+ Kg6 71. Kf4 Ra4+ 72. Kg3 Ra3+ 73. Kh4 Ra6 74. Rc8 Rb6 75. Ra8 Rc6 76. Rg8+ Kh7 77. Rb8 Kh6 78. g5+ Kg6 79. Rb4 Ra6 80. Kg4 Rc6 81.
Rf4 Ra6 82. Rf6+ Rxf6 83. gxf6 Kxf6 1/2-1/2

[Event "Early-Titled-Tuesday-Blitz-March-19-2024"]
[Site "Chess.com"]
[Date "2024.03.19"]
[Round "11"]
[White "Shield12"]
[Black "HansOnTwitch"]
[Result "1/2-1/2"]
[WhiteElo "2959"]
[BlackElo "3078"]
[TimeControl "180+1"]
[EndTime "10:07:21 PDT"]
[Termination "Game drawn - insufficient material"]

1. e4 c5 2. Nf3 d6 3. Bb5+ Nd7 4.
a4 Nf6 5. Nc3 a6 6. Be2 e6 7. d4 cxd4 8. Qxd4 b6 9. O-O Bb7 10.
Rd1 Qc7 11. Be3 Ng4 12. Bg5 h6 13. Bh4 Nge5 14. Nd2 g5 15. Bg3 h5 16. h3 h4 17. Bh2 Rg8 18. Nc4 Nxc4 19. Bxc4 Rc8 20. Be2 Ne5 21. Ra3 Nc6 22. Qe3 Na5 23. b4 Nc4 24.
Bxc4 Qxc4 25. Bxd6 g4 26. Bxf8 Kxf8 27. Rd4 Qc7 28.
Qh6+ Ke8 29. hxg4 Rxg4 30. Qh5 Qf4 31. Ne2 Qg5 32. Qxg5 Rxg5 33. Rc3 Rxc3 34. Nxc3 Ke7 35. f3 h3 36. g4 f5 37. exf5 Bxf3 38. fxe6 Bxg4 39. Ne4 Rg8 40. Kh2 Bxe6 41. Rd2 Rc8 42. a5 bxa5 43. bxa5 Rc4 44. Ng5 Bf5 45. Nxh3 Rh4 46.
Re2+ Kd6 47. Re3 Kc5 48. Re5+ Kb4 49. Rxf5 Rc4 50. Nf4 Rxc2+ 51. Kg3 Ra2 52. Nd3+ Kc4 53. Ne5+ Kb5 54. Nd7+ Kc6 55. Nf6 Rb2 56. Kf4 Rb5 57. Ne4 Rxf5+ 58. Kxf5 Kb5 59. Ke5 Kxa5 60. Kd4 Kb4 61.
Nc5 a5 62. Kd5 Kb5 63. Kd4 a4 64. Nxa4 1/2-1/2

[Event "Early-Titled-Tuesday-Blitz-March-19-2024"]
[Site "Chess.com"]
[Date "2024.03.19"]
[Round "11"]
[White "Preobrazhenska_D2011"]
[Black "TV27"]
[Result "1-0"]
[WhiteElo "2478"]
[BlackElo "2274"]
[TimeControl "180+1"]
[EndTime "10:07:22 PDT"]
[Termination "Preobrazhenska_D2011 won by resignation"]

1. e4 c6 2. d4 d5 3. e5 c5 4.
dxc5 Nc6 5. f4 Bf5 6. Nf3 e6 7. Be3 h5 8. Bd3 Nh6 9. Bxf5 Nxf5 10. Bf2 d4 11. Nbd2 Bxc5 12. Ne4 Bb4+ 13. c3 dxc3 14. bxc3 Ba5 15. O-O O-O 16. Nd4 Ncxd4 17. cxd4 Bb6 18.
Qxh5 f6 19. exf6 gxf6 20. Qg6+ Kh8 21. Rad1 Qe8 22. Qg4 Rg8 23. Qh3+ Kg7 24. Bh4 Qg6 25. Bxf6+ Kf7 26. Kh1 Ne3 27. Ng5+ Kxf6 28. Qxe3 Bc7 29.
Rfe1 Rae8 30. Qf3 Qf5 31. Ne4+ Kf7 32. Ng5+ Kf6 33. Re4 Rh8 34. Rde1 Re7 35. Rxe6+ Rxe6 36. Rxe6+ Kg7 37. Re7+ Kg6 38. Re6+ Kg7 39. Re1 Bd6 40. Qf2 Qd3 41. Ne6+ Kf7 42. Ng5+ Kg7 43. Ne4 Qb5 44. Nxd6 Qh5 45. Qg3+ Kf6 46. Qg5+ Qxg5 47. fxg5+ Kxg5 48. Nf7+ Kg6 49. Nxh8+ Kg7 50. Re8 b5 51. Rb8 a6 52.
d5 b4 53. d6 a5 54. d7 b3 55. axb3 a4 56. bxa4 Kh7 57. d8=Q Kg7 58. Qe7+ 1-0

[Event "Early-Titled-Tuesday-Blitz-March-19-2024"]
[Site "Chess.com"]
[Date "2024.03.19"]
[Round "11"]
[White "Lovetov"]
[Black "IMRosen"]
[Result "0-1"]
[WhiteElo "2553"]
[BlackElo "2655"]
[TimeControl "180+1"]
[EndTime "10:07:23 PDT"]
[Termination "IMRosen won by checkmate"]

1. Nf3 d5 2. e3 Nf6 3. c4 e6 4. Nc3 b6 5. b3 Bb7 6. Bb2 a6 7. d4 Nbd7 8. Bd3 Bd6 9. O-O O-O 10. Qe2 Qe7 11. Rac1 dxc4 12. bxc4 c5 13. Rfd1 Rfd8 14. d5 exd5 15. Nxd5 Nxd5 16. cxd5 Ne5 17. Nxe5 Bxe5 18.
Qh5 f5 19. Bxe5 Qxe5 20. Qxf5 Qxf5 21. Bxf5 Kf7 22. e4 Kf6 23. Rd3 g6 24. Be6 Bc8 25. Rf3+ Ke5 26. Rf7 Bxe6 27. dxe6 Kxe6 28. Rxh7 Rd4 29.
f3 Rad8 30. Rb7 R8d6 31. Rc2 c4 32. a4 Rc6 33. Kf2 Kd6 34. h4 Kc5 35. g4 b5 36.
axb5 axb5 37. h5 gxh5 38. gxh5 b4 39. Ke2 c3 40. Ke3 Rd1 41. Rh2 Kc4 42. h6 Rd3+ 43.
Kf4 Rd8 44. h7 Rh8 45. Ke3 b3 46. e5 c2 47. Kd2 Rd8+ 48. Ke2 c1=Q 49. Rh4+ Kc3 50.
h8=Q Rxh8 51. Rxh8 Qc2+ 52. Ke3 Qd2+ 53. Ke4 Qd3+ 54.
Kf4 Qc4+ 55. Kf5 b2 56. Rhb8 Qd3+ 57. Kf4 Rc4+ 58. Kg3 Qc2 59. Rxb2 Qg6+ 60. Kf2 Qh6 61.
R8b3+ Kd4 62. Rd2+ Qxd2+ 63. Kg3 Qg5+ 64. Kf2 Rc2+ 65.
Ke1 Qc1# 0-1

[Event "Early-Titled-Tuesday-Blitz-March-19-2024"]
[Site "Chess.com"]
[Date "2024.03.19"]
[Round "11"]
[White "DenLaz"]
[Black "vi_pranav"]
[Result "0-1"]
[WhiteElo "3111"]
[BlackElo "3092"]
[TimeControl "180+1"]
[EndTime "10:07:27 PDT"]
[Termination "vi_pranav won by resignation"]

1. d4 f5 2. Nf3 Nf6 3. g3 e6 4. c4 Be7 5. Bg2 Ne4 6. O-O d5 7. Nbd2 c6 8. Ne5 O-O 9. Qc2 Nd7 10. Nd3 Bd6 11. Nf3 b6 12. Bf4 Ba6 13. Bxd6 Nxd6 14. cxd5 cxd5 15. Nf4 Re8 16. Qa4 Bb5 17. Qb4 Nf6 18. Ne5 a5 19. Qb3 Rc8 20. Rfc1 g5 21. Nfd3 Bxd3 22. Qxd3 Nd7 23. Nc6 Qf6 24. Na7 Rc4 25.
Rxc4 dxc4 26. Qd2 Nf8 27. Nc6 Ng6 28. Rc1 f4 29. b3 cxb3 30. axb3 Rf8 31. Rf1 h5 32. b4 a4 33. b5 g4 34. Qb4 Nf5 35. Qxa4 h4 36. Qb3 Kg7 37. Qd3 Qg5 38. d5 exd5 39.
Bxd5 hxg3 40. fxg3 Ne3 41. Qd4+ Kh6 42. gxf4 Nxf4 43.
Rxf4 Qxf4 44. Qxf4+ Rxf4 45. Bg2 Nxg2 46. Kxg2 Rf5 47.
Nd4 Re5 48. Kf2 Kg5 49. e3 Kh4 50. Ke2 Kh3 51. Kf2 Kxh2 52. Ne2 Rf5+ 53. Nf4 g3+ 54. Ke2 Rxf4 55. exf4 g2 56. Kd3 g1=Q 57. Ke4 Qc5 0-1

[Event "Early-Titled-Tuesday-Blitz-March-19-2024"]
[Site "Chess.com"]
[Date "2024.03.19"]
[Round "11"]
[White "GreenPeach24"]
[Black "IngOscarArdila"]
[Result "1-0"]
[WhiteElo "2553"]
[BlackElo "2404"]
[TimeControl "180+1"]
[EndTime "10:07:28 PDT"]
[Termination "GreenPeach24 won by checkmate"]

1. e4 e5 2. Nf3 Nf6 3. Nxe5 d6 4. Nf3 Nxe4 5. d4 d5 6. Bd3 Be7 7. Nc3 Nf6 8. O-O O-O 9. Ne5 Nc6 10. Nxc6 bxc6 11. Bf4 Re8 12. Qf3 Bg4 13. Qg3 Qd7 14. f3 Bf5 15. Be5 Nh5 16. Bxf5 Qxf5 17. Qg4 Qg5 18. Bxc7 Qe3+ 19. Kh1 g6 20. Be5 f5 21. Qh3 Nf4 22. Qg3 Nh5 23. Qh3 Nf4 24. Qh6 Bf8 25.
Qxf4 Qxf4 26. Bxf4 Bg7 27. Rad1 h6 28. b3 g5 29. Bc1 f4 30. Kg1 Bf8 31. Kf2 Bb4 32.
Na4 a5 33. c3 Bd6 34. Rfe1 Kf7 35. Re2 Rxe2+ 36. Kxe2 Re8+ 37. Kf2 h5 38. Re1 Rc8 39. Nc5 Bxc5 40. dxc5 Kf6 41. Bb2 Kf7 42. Re5 g4 43.
Rxh5 gxf3 44. gxf3 a4 45. Rf5+ Ke6 46. Rxf4 axb3 47.
axb3 Ra8 48. Ra4 Rb8 49. b4 Rh8 50. Bc1 Rxh2+ 51. Ke3 Rc2 52. Bd2 Rb2 53. Ra6 Kd7 54. Kd3 Rb1 55. f4 Rf1 56. Be3 Rd1+ 57. Kc2 Re1 58.
Bd4 Re2+ 59. Kb3 Re4 60. f5 Rf4 61. Ra7+ Kc8 62. Rc7+ Kd8 63. Rxc6 Kd7 64. Rd6+ Kc7 65. Rxd5 Kc6 66. Rd6+ Kb5 67. Rb6# 1-0

[Event "Early-Titled-Tuesday-Blitz-March-19-2024"]
[Site "Chess.com"]
[Date "2024.03.19"]
[Round "11"]
[White "shimastream"]
[Black "Igor_Lysyj"]
[Result "1-0"]
[WhiteElo "3018"]
[BlackElo "2832"]
[TimeControl "180+1"]
[EndTime "10:07:32 PDT"]
[Termination "shimastream won on time"]

1. Nf3 Nf6 2. g3 d5 3. Bg2 e6 4.
c4 Be7 5. d4 O-O 6. Nc3 dxc4 7.
Ne5 c5 8. dxc5 Qxd1+ 9. Nxd1 Bxc5 10. O-O Nd5 11. Nxc4 Nc6 12. Nde3 Rd8 13. Rd1 Nd4 14.
Kf1 Bd7 15. Nxd5 exd5 16. Ne5 Bb5 17. Nd3 Be7 18. Bd2 Bxd3 19. exd3 Bf6 20. Bc3 Nc6 21. Bxf6 gxf6 22. Rac1 Rd6 23. Rc5 Rad8 24. a3 Nd4 25.
Rc7 R6d7 26. Rdc1 Ne6 27. Rc8 Kf8 28. Ke2 Ke7 29. Ke3 Kd6 30. b4 Re7 31. Kd2 Red7 32. Bh3 h6 33. Bg2 Rxc8 34. Rxc8 Rd8 35. Rxd8+ Nxd8 36. Ke3 Ne6 37. f4 b6 38. Kf3 f5 39. Ke3 Nc7 40. Kd2 d4 41. Bh3 Ke6 42. Kc2 Nd5 43.
Kb3 Ne3 44. Ka4 a6 45. Kb3 Kd6 46. Kb2 Kc6 47. Kb3 Kb5 48. a4+ Kc6 49. Ka3 a5 50. b5+ Kc5 51. Kb3 Kd5 52. Ka3 Ke6 53. Kb3 h5 54. Kb2 Kd5 55. Kb3 Kc5 56. Ka3 Kd6 57. Kb3 Ke6 58. Kb2 Kf6 59. Kc1 Kg6 60.
Kd2 h4 61. Ke2 Kh5 62. Kf3 hxg3 63. Kxg3 Kh6 64. Bg2 1-0

[Event "Early-Titled-Tuesday-Blitz-March-19-2024"]
[Site "Chess.com"]
[Date "2024.03.19"]
[Round "11"]
[White "AlexanderKing"]
[Black "MightyGMpretender"]
[Result "1-0"]
[WhiteElo "2658"]
[BlackElo "2782"]
[TimeControl "180+1"]
[EndTime "10:07:32 PDT"]
[Termination "AlexanderKing won on time"]

1. c4 e6 2. Nf3 d5 3. g3 Nf6 4. Bg2 Be7 5. d4 O-O 6. O-O c6 7. Qc2 a5 8. Rd1 b6 9. Ne5 Ba6 10. Nd2 Nfd7 11. Nxd7 Nxd7 12. e4 Rc8 13. b3 e5 14.
exd5 cxd5 15. dxe5 Nxe5 16. Bb2 d4 17. Qe4 Nc6 18.
Nf3 Bc5 19. Nxd4 Qf6 20. Rd2 Qh6 21. Rad1 Rfe8 22. Qg4 Ne5 23. Qh3 Qg6 24. Kh1 Rb8 25. Qh4 Bb7 26. Bxb7 Rxb7 27. Kg1 Rbe7 28. Kg2 Bxd4 29.
Qxd4 f6 30. h3 h5 31. Re1 Qf7 32. Re4 Rd7 33. Qc3 Rxd2 34. Qxd2 Kh7 35. Qe2 Qg6 36.
Rh4 Nc6 37. Qxh5+ Qxh5 38. Rxh5+ Kg6 39. Rd5 Re2 40. Bd4 Rxa2 41. Bxb6 Rb2 42. Bxa5 Rxb3 43. Bd2 Rb2 44. Be3 Rc2 45. c5 Ne5 46. Rd8 Kf7 47. h4 Ng4 48. Kf3 Ne5+ 49. Ke4 Ke6 50. Re8+ Kf7 51. Ra8 Rc4+ 52. Kd5 Rc2 53. Ra7+ Kg6 54. h5+ Kxh5 55. Rxg7 Ng4 56. Rh7+ Kg6 57. Re7 1-0

[Event "Early-Titled-Tuesday-Blitz-March-19-2024"]
[Site "Chess.com"]
[Date "2024.03.19"]
[Round "11"]
[White "bobo_panda"]
[Black "Eliwood44"]
[Result "0-1"]
[WhiteElo "2353"]
[BlackElo "2531"]
[TimeControl "180+1"]
[EndTime "10:07:33 PDT"]
[Termination "Eliwood44 won on time"]

1. e4 e5 2. Nf3 Nc6 3. d4 exd4 4. Nxd4 Qh4 5. Nc3 Bc5 6. Be3 Nxd4 7. Bxd4 Bxd4 8. Qxd4 Nf6 9. g3 Qg4 10. Bg2 O-O 11.
h3 Qe6 12. O-O d6 13. f4 Bd7 14. Rae1 Rfe8 15. g4 Bc6 16. Nd5 Bxd5 17. exd5 Qxe1 18. Rxe1 Rxe1+ 19. Kh2 Rae8 20. Qxa7 R1e2 21. g5 Nxd5 22. Qa4 b5 23. Qxb5 Nxf4 24. Kg3 Nxg2 25. a4 Ne1 26. a5 R2e3+ 27. Kf2 R3e5 28. Qb4 Rf5+ 29. Kg3 Rxg5+ 30. Kf4 h6 31. a6 g6 32. a7 Rf5+ 33. Kg3 Re3+ 34.
Kh2 Nf3+ 35. Kg2 Re2+ 36. Kg3 Ne1 37. a8=Q+ Kh7 38. h4 d5 39. Qaa3 Nxc2 40. Qac3 Nxb4 41. Qxb4 Re3+ 42. Kg2 Re4 43. Qc5 Rc4 44. Qe7 h5 45.
Qe1 Rg4+ 46. Kh3 Rf3+ 47. Kh2 Rff4 48. Qe7 Rxh4+ 49. Kg3 Rhg4+ 50. Kh3 Rf5 51. Qxc7 Rc4 52. Qd6 Rc2 53. Qd7 Rxb2 54. Qd6 Rb3+ 55. Kg2 Rd3 56.
Kh2 Rd4 57. Kg2 Rg4+ 58. Kh3 d4 59. Qd7 Rf3+ 60. Kh2 d3 61. Qd5 Re3 62. Qxf7+ Kh6 63. Qf8+ Kg5 64. Qd8+ Kf5 65. Qd7+ Ke4 66. Qe6+ Kf3 67.
Qf6+ Ke2 68. Qb2+ d2 69. Qb5+ Ke1 70. Qa5 Rd4 0-1

[Event "Early-Titled-Tuesday-Blitz-March-19-2024"]
[Site "Chess.com"]
[Date "2024.03.19"]
[Round "11"]
[White "guillembaches"]
[Black "Kildepiotr"]
[Result "0-1"]
[WhiteElo "2557"]
[BlackElo "2700"]
[TimeControl "180+1"]
[EndTime "10:07:36 PDT"]
[Termination "Kildepiotr won on time"]

1. d4 c5 2. d5 e5 3. Nc3 d6 4.
e4 Be7 5. Nf3 a6 6. a4 Bg4 7.
Be2 Bxf3 8. Bxf3 Bg5 9. O-O Bxc1 10. Qxc1 Ne7 11. a5 O-O 12. Bg4 Nd7 13. Bh3 h6 14. Ra3 f5 15. f4 exf4 16. Qxf4 Ne5 17. exf5 Kh8 18. Qe4 Ng8 19. Rb3 Rf7 20. Rb6 Qc7 21. Qh4 Nf6 22. g4 Nh7 23. Ne4 Nc4 24. Rb3 Qe7 25. Qxe7 Rxe7 26. Bg2 Nf6 27. Nxf6 gxf6 28.
h4 Nd2 29. Rb6 Nc4 30. Rb3 Nxa5 31. Rh3 Nc4 32. g5 Kg7 33. Rff3 Rae8 34. Rhg3 hxg5 35. hxg5 Re3 36. gxf6+ Kxf6 37. Rg6+ Ke5 38. Rf2 Re1+ 39. Kh2 Rh8+ 40. Kg3 Re3+ 41. Kg4 Kd4 42. f6 Ne5+ 43. Kf5 Nxg6 44. Kxg6 Rg3+ 45. Kf7 c4 46. Ke7 Kc5 47. f7 Re3+ 48. Kd7 Rf8 49. Bh3 Kxd5 50. Be6+ Kc5 51.
Ke7 Rxf7+ 52. Kxf7 b5 53. c3 d5 54. Rf5 Rd3 55. Ke7 a5 56. Kd7 b4 57. Bf7 bxc3 58. bxc3 a4 59. Rf6 Rxc3 60. Rc6+ Kd4 61.
Rd6 Rd3 62. Rxd5+ Kc3 63. Rxd3+ cxd3 64. Bh5 a3 0-1

[Event "Early-Titled-Tuesday-Blitz-March-19-2024"]
[Site "Chess.com"]
[Date "2024.03.19"]
[Round "11"]
[White "DvaHrasta"]
[Black "Zavgorodniy_Sergiy"]
[Result "0-1"]
[WhiteElo "2499"]
[BlackElo "2625"]
[TimeControl "180+1"]
[EndTime "10:07:41 PDT"]
[Termination "Zavgorodniy_Sergiy won on time"]

1. c4 c5 2. g3 Nc6 3. Bg2 g6 4. Nc3 Bg7 5. Nf3 e6 6. O-O Nge7 7. d4 cxd4 8. Nb5 d5 9. cxd5 Nxd5 10. Nbxd4 Nxd4 11.
Nxd4 O-O 12. e4 Nb6 13. Nb3 Bd7 14. Qe2 Bc6 15. Be3 Qe7 16. Bc5 Qf6 17. Bxf8 Rxf8 18. e5 Qxe5 19. Qxe5 Bxe5 20. Bxc6 bxc6 21. Rac1 Bxb2 22.
Rxc6 Nd5 23. Ra6 Rc8 24. Rxa7 Rc2 25. a4 Kg7 26. a5 Ba3 27. Rb7 Nb4 28. Ra1 Bb2 29.
Ra2 Nxa2 30. a6 Rc8 31. a7 Ra8 32. Na5 Bd4 33. Nc6 Bxa7 34. Rxa7 Rxa7 35. Nxa7 Kf6 36. Nc6 Nc1 37. Kg2 Nd3 38. f4 h6 39. Kf3 Nc5 40. g4 g5 41. Ne5 Nb7 42. Nd7+ Ke7 43.
Ne5 Nd6 44. h3 Nb5 45. Ke4 Nc7 46. Nf3 f6 47. h4 gxf4 48. Kxf4 Nd5+ 49. Ke4 Kf7 50.
Nd4 Nc3+ 51. Kd3 Na4 52. Ke4 Nc5+ 53. Kf3 Kg6 54. Nc6 h5 55. Ne7+ Kf7 56. Nc6 hxg4+ 57.
Kxg4 Kg6 58. h5+ Kh6 59. Nd8 Kg7 60. Nc6 Nd7 61. Nd8 Nf8 62. Nc6 Kh6 63. Nd8 f5+ 64. Kh4 Kg7 65. Kg5 Nh7+ 66. Kf4 Kf6 67. Nc6 Ng5 68. h6 Nf7 69. h7 Kg7 70. Ne7 Nh6 0-1

[Event "Early-Titled-Tuesday-Blitz-March-19-2024"]
[Site "Chess.com"]
[Date "2024.03.19"]
[Round "11"]
[White "AA95"]
[Black "NelsonLinda"]
[Result "0-1"]
[WhiteElo "2470"]
[BlackElo "2651"]
[TimeControl "180+1"]
[EndTime "10:07:41 PDT"]
[Termination "NelsonLinda won by resignation"]

1. Nf3 b6 2. g3 Bb7 3. Bg2 g6 4. O-O Bg7 5. Ne1 Bxg2 6. Nxg2 Nf6 7. d3 O-O 8. e4 d6 9. f4 Nbd7 10. Nc3 e6 11. g4 h5 12. g5 Nh7 13. Be3 e5 14. f5 Nxg5 15. Qd2 Nh7 16. h4 Ndf6 17. Bg5 Qd7 18. Ne3 c6 19. Qg2 Qe8 20. Rf3 Nd7 21.
fxg6 fxg6 22. Rg3 Nxg5 23. Rxg5 Kh7 24. Kh1 Bh6 25. Rg3 Qe7 26. Rg1 Qxh4+ 27. Rh3 Qf6 28. Nf1 Rg8 29. Ne2 Raf8 30. Nh2 Qf2 31. Rg3 Qxg2+ 32.
R3xg2 Be3 33. Rf1 Rxf1+ 34. Nxf1 Bh6 35. Nfg3 Rf8 36. Kg1 Nf6 37. Nc3 Ng4 38. Nf1 Rxf1+ 39. Kxf1 Ne3+ 40. Kf2 Nxg2 41. Kxg2 Kg7 42. b4 b5 43. a4 a6 44. axb5 axb5 45. Ne2 Bd2 46. c3 Kf6 47. Kf3 c5 48. bxc5 dxc5 49. d4 c4 50. d5 Kg5 51. Kg3 Kf6 52. Kf3 Ke7 53. Kg3 Kd6 54. Kf3 Kc5 55. Kg3 b4 56. cxb4+ Bxb4 57. Kf3 Bd2 58. Kf2 Kd6 59. Ng1 c3 60. Ke2 g5 61. Kd3 g4 62. Ne2 h4 63. Ng1 h3 64.
Ne2 Be1 65. Kc2 h2 66. Nxc3 Bxc3 0-1

[Event "Early-Titled-Tuesday-Blitz-March-19-2024"]
[Site "Chess.com"]
[Date "2024.03.19"]
[Round "11"]
[White "Shahdad2007"]
[Black "wild3000"]
[Result "1-0"]
[WhiteElo "2606"]
[BlackElo "2442"]
[TimeControl "180+1"]
[EndTime "10:07:42 PDT"]
[Termination "Shahdad2007 won by resignation"]

1. e4 c5 2. Nf3 e6 3. Nc3 Nc6 4. g3 a6 5. Bg2 b5 6. O-O Bb7 7. d4 cxd4 8. Nxd4 Nf6 9. Be3 Nxd4 10. Bxd4 Qc7 11. e5 Bxg2 12. Kxg2 Qb7+ 13. Qf3 Qxf3+ 14. Kxf3 Ng8 15. Ne4 Rc8 16. Rac1 Be7 17. b3 f5 18. exf6 Nxf6 19. Nxf6+ gxf6 20. c4 bxc4 21. bxc4 Kf7 22. Rfd1 Rc6 23. Be3 d6 24. Ke4 Rb8 25. Kd3 Rb2 26. Rd2 Rb4 27. Rdc2 f5 28. Bd2 Rb7 29. h4 e5 30. f3 Ke6 31. h5 Bf6 32. g4 fxg4 33. fxg4 Rc8 34. g5 Be7 35. Rg1 Rg8 36.
Be3 Bd8 37. Rf2 a5 38. Rgf1 a4 39. Rf8 Rbg7 40. g6 hxg6 41. h6 Rxf8 42. Rxf8 Rd7 43. h7 Rxh7 44. Rxd8 Rh2 45. a3 Ra2 46. Bc1 g5 47. Rg8 Ra1 48. Kc2 Kf6 49. Bxg5+ Kf7 50. Rd8 Rxa3 51. Rxd6 e4 52. Rf6+ Kg7 53. Re6 Rg3 54.
Bf4 Rg2+ 55. Kb1 Re2 56. c5 a3 57. c6 Kf7 58. c7 a2+ 59. Ka1 Rc2 60. Rxe4 Kf6 61. Re8 Kf5 62. c8=Q+ Rxc8 63. Rxc8 Kxf4 64.
Kxa2 1-0

[Event "Early-Titled-Tuesday-Blitz-March-19-2024"]
[Site "Chess.com"]
[Date "2024.03.19"]
[Round "11"]
[White "superchess02"]
[Black "mitrabhaa"]
[Result "0-1"]
[WhiteElo "2829"]
[BlackElo "3055"]
[TimeControl "180+1"]
[EndTime "10:07:43 PDT"]
[Termination "mitrabhaa won by checkmate"]

1. d4 Nf6 2. c4 e6 3. Nc3 Bb4 4. e3 O-O 5. Bd3 d5 6. Nf3 dxc4 7. Bxc4 c5 8. O-O cxd4 9. exd4 b6 10. Bg5 Bb7 11. Rc1 Nbd7 12. Qe2 Rc8 13. Bd3 Bxc3 14. bxc3 h6 15. Bh4 Qc7 16. Bg3 Qc6 17. c4 Qa4 18. Bd6 Rfe8 19. Rfd1 Qa5 20. h3 Qh5 21.
Qe3 Bxf3 22. Qxf3 Qxf3 23. gxf3 e5 24. c5 exd4 25. c6 Ne5 26. Bxe5 Rxe5 27. Ba6 Rc7 28. Rxd4 g6 29. Rd8+ Kg7 30. Bb7 Ra5 31. Rc8 Rxc8 32. Bxc8 Nd5 33. Rd1 Rc5 34. Bb7 Nc7 35. Rd7 Ne6 36. Kf1 Rc2 37. a4 h5 38. h4 Kf6 39.
Ke1 Nc5 40. Rd4 Rc1+ 41. Ke2 Ne6 42. Rd7 Rc4 43. Ke3 Rc3+ 44. Kd2 Rc5 45. Kd3 a6 46.
Ke3 b5 47. a5 b4 48. Bxa6 Rxc6 49. Bd3 Rc3 50. Kd2 Ra3 51. a6 Nc5 52. Rd5 Nxd3 53.
Rxd3 Rxa6 54. Rb3 Rb6 55. Kd3 Kf5 56. Kc4 Kf4 57. Kc5 Rb8 58. Kd6 f6 59. Ke6 Rb6+ 60.
Kf7 g5 61. Kg6 gxh4 62. Kxh5 h3 63. Kh4 h2 64. Rb1 Rb8 65. Kh3 h1=Q+ 66. Rxh1 Rh8+ 67. Kg2 Rxh1 68. Kxh1 b3 69. Kg1 b2 70. Kg2 b1=Q 71.
Kh3 Qh1# 0-1

[Event "Early-Titled-Tuesday-Blitz-March-19-2024"]
[Site "Chess.com"]
[Date "2024.03.19"]
[Round "11"]
[White "kenta1234"]
[Black "Yeritsyaan"]
[Result "1-0"]
[WhiteElo "2807"]
[BlackElo "2652"]
[TimeControl "180+1"]
[EndTime "10:07:44 PDT"]
[Termination "kenta1234 won by checkmate"]

1. d4 f5 2. Nf3 Nf6 3. h3 d5 4. Bf4 e6 5. e3 Bd6 6. c3 O-O 7. Nbd2 c5 8. Bd3 b6 9. O-O Ba6 10. Bxa6 Nxa6 11. Qa4 Nb8 12. Ne5 Qe7 13. Nc6 Nxc6 14.
Qxc6 Rad8 15. Nf3 Ne4 16. Qa4 g5 17. Bxd6 Rxd6 18. Ne5 Kh8 19. f3 Nf6 20. Rae1 Qg7 21. Qc2 Rdd8 22. g4 Nd7 23. Nd3 c4 24. Nf2 b5 25. e4 fxe4 26. fxe4 Nb6 27. Kg2 Rf4 28. Nh1 Rdf8 29. Ng3 Qg6 30. Qe2 dxe4 31. Nxe4 Nd5 32. Kg1 h5 33. gxh5 Qf5 34. Nf2 Rf3 35. Ng4 Rxf1+ 36.
Rxf1 Nf4 37. Qe5+ Qxe5 38. Nxe5 Nxh3+ 39. Kg2 Rxf1 40. Kxf1 Kg7 41. Kg2 Nf4+ 42. Kf3 Nd3 43. Nc6 Nxb2 44. Nxa7 b4 45. cxb4 c3 46. Ke2 g4 47.
Nc6 g3 48. Ne5 Nc4 49. Nd3 c2 50. Kf3 Kh6 51. Kxg3 Kxh5 52. Kf4 Kg6 53. Ke4 Kf6 54. d5 Ke7 55. dxe6 Kxe6 56. Kd4 Nb2 57. Nc1 Kd6 58.
Kc3 Na4+ 59. Kxc2 Kc6 60. Kb3 Kb5 61. Ne2 Nb6 62. Nc3+ Kc6 63. a4 Kd6 64. a5 Nd7 65. Kc4 Kc6 66. b5+ Kb7 67. Ne4 Ka7 68. Nc5 Ne5+ 69.
Kd5 Nf7 70. b6+ Kb8 71. a6 Nd8 72. Kd6 Nf7+ 73. Kc6 Ne5+ 74. Kb5 Nf7 75. Ne6 Nd6+ 76. Kc6 Nc4 77. a7+ Ka8 78. Nc7# 1-0

[Event "Early-Titled-Tuesday-Blitz-March-19-2024"]
[Site "Chess.com"]
[Date "2024.03.19"]
[Round "11"]
[White "Kotofeyca"]
[Black "Fh2411"]
[Result "1-0"]
[WhiteElo "2482"]
[BlackElo "2604"]
[TimeControl "180+1"]
[EndTime "10:07:45 PDT"]
[Termination "Kotofeyca won by resignation"]

1. d4 d5 2. c4 c6 3. Nc3 Nf6 4.
cxd5 cxd5 5. Bf4 Nc6 6. e3 a6 7. Bd3 Bg4 8. Nge2 e6 9. O-O Be7 10. Rc1 O-O 11. f3 Bh5 12. Na4 Nd7 13. a3 Bg6 14. Bxg6 hxg6 15. b4 Nb6 16. Nc5 Qc8 17. Qb3 Nc4 18. Rfd1 b5 19. a4 Rd8 20. Nc3 Bxc5 21.
bxc5 b4 22. Nb1 Qb7 23. Nd2 Nxd2 24. Rxd2 Rd7 25. Rb1 Qc8 26. Qd3 Rb7 27. Rdb2 Qd8 28. Bg3 Qf6 29. a5 Raa7 30. Be1 Qf5 31. Qxf5 gxf5 32.
Bxb4 Rb5 33. Bc3 Rab7 34. Rxb5 Rxb5 35. Rxb5 axb5 36. a6 Kf8 37. Ba5 Ke8 38. Bb6 b4 39.
Ba5 b3 40. Bc3 Kd7 41. Kf2 Kc7 42. Ke2 Kb8 43. Kd1 Ka7 44. Kc1 Kxa6 45. Kb2 Kb5 46.
Kxb3 g5 47. h3 f6 48. g3 e5 49. h4 gxh4 50. gxh4 e4 51. f4 Ne7 52. h5 Ng8 53. Be1 Nh6 54. Bh4 Ng4 55. Kc3 Ka5 56. Kd2 Kb5 57.
Ke2 Kc6 58. Ke1 Kd7 59. Bf2 Kc6 60. Kf1 Kd7 61. Kg2 Kc6 62. Kh3 Kd7 63. Bh4 Ke6 64. Kg3 Kd7 65. Bxf6 Nxf6 66. Kh4 Ke6 67. Kg5 Ng4 68.
h6 Nxh6 69. Kxh6 Kf6 70. c6 Ke6 71. c7 Kd7 72. Kg6 Kxc7 73. Kxf5 Kc6 74. Ke6 1-0

[Event "Early-Titled-Tuesday-Blitz-March-19-2024"]
[Site "Chess.com"]
[Date "2024.03.19"]
[Round "11"]
[White "FormerProdigy"]
[Black "nihalsarin"]
[Result "0-1"]
[WhiteElo "2968"]
[BlackElo "3178"]
[TimeControl "180+1"]
[EndTime "10:07:49 PDT"]
[Termination "nihalsarin won by resignation"]

1. e4 a6 2. d4 c6 3. c3 d5 4. e5 c5 5. dxc5 Nc6 6. f4 Nh6 7. Nf3 Bg4 8. h3 Bxf3 9. Qxf3 e6 10. Be3 Nf5 11. Bf2 h5 12. g4 Nh4 13. Qg3 hxg4 14.
hxg4 g5 15. fxg5 Qxg5 16. Nd2 Nf5 17. Qg1 Rxh1 18. Qxh1 Ne3 19. Nf3 Qf4 20. Bxe3 Qxe3+ 21. Be2 O-O-O 22. Qg1 Qxg1+ 23. Nxg1 Nxe5 24. b4 d4 25.
cxd4 Rxd4 26. Nf3 Nxf3+ 27. Bxf3 Rxb4 28. c6 bxc6 29. Ke2 Kc7 30. Rh1 Rb2+ 31. Kd3 Rf2 32. Be2 c5 33. Rf1 Rxf1 34. Bxf1 a5 35. Ke4 Kd6 36. a4 Bg7 37. Bc4 Ke7 38. Bb5 Bd4 39. Bc4 Kf6 40. Kf4 Be5+ 41. Ke4 Bd4 42. Kf4 Be5+ 43. Ke4 Bd6 44. Bd3 Kg5 45. Kf3 f5 46. gxf5 exf5 47. Bc4 Kf6 48. Ke3 Ke5 49. Kd3 Kf4 50.
Be6 Ke5 51. Bd7 Be7 52. Bc8 Bf8 53. Bd7 Bh6 54. Bc8 Bc1 55. Bd7 Ba3 56. Bc8 Bb4 57. Bd7 Kf4 58. Bc8 Kg5 59. Be6 f4 60. Ke4 Bd2 61. Bc4 Kg4 62. Be2+ Kg3 63. Kd5 f3 64. Bc4 Bb4 65. Ke4 Kg2 66. Ke3 f2 67. Bd5+ Kg1 68.
Bc4 f1=Q 69. Bxf1 Kxf1 0-1